 Dungeon Crawl Stone Soup version 0.19.1-1-g22dce08 (webtiles) character file.

6720 godfroggy the Martial Artist (level 11, 0/52 HPs)
             Began as a Vine Stalker Monk on Jan 6, 2017.
             Was a Priest of Hepliaklqana.
             Succumbed to a killer bee's poison
             ... on level 9 of the Dungeon.
             The game lasted 00:50:16 (8028 turns).

godfroggy the Martial Artist (Vine Stalker Monk)    Turns: 8028, Time: 00:50:16

Health: 0/52       AC:  5    Str: 14    XL:     11   Next: 4%
Magic:  11/25      EV: 16    Int: 10    God:    Hepliaklqana [***...]
Gold:   576        SH:  0    Dex: 20    Spells: 0 memorised, 10 levels left

rFire  + . .     SeeInvis .       - Unarmed
rCold  . . .     Gourm    .     a - +1 robe
rNeg   . . .     Faith    .     (no shield)
rPois  .         Spirit   +     (no helmet)
rElec  .         Reflect  .     u - +0 cloak (curse)
rCorr  .         Harm     .     (no gloves)
MR     +....                    l - +0 pair of boots
Stlth  ++++......               (no amulet)
                                p - ring of magical power
                                d - ring of protection from fire

@: lethally poisoned (0 -> -4)
A: reduced essence, fangs 3, regeneration 1, magic shield, antimagic bite, no
device heal 3, rot immunity
a: Recall Ancestor, Ancestor Identity, Transference, Renounce Religion


You were on level 9 of the Dungeon.
You worshipped Hepliaklqana.
Hepliaklqana was most pleased with you.
You were hungry.

You visited 1 branch of the dungeon, and saw 9 of its levels.
You also visited: Ossuary.

You collected 666 gold pieces.
You spent 90 gold pieces at shops.

Inventory:

Armour
 a - a +1 robe (worn)
 l - a +0 pair of boots (worn)
 q - a +0 cloak
 u - a cursed +0 cloak (worn)
Magical Staves
 y - an uncursed staff of poison
Jewellery
 d - a ring of protection from fire (left hand)
 p - a ring of magical power (right hand)
Wands
 B - a wand of lightning (8/15)
 E - a wand of disintegration (20/24)
Scrolls
 i - 3 scrolls of random uselessness
 n - 3 scrolls of remove curse
 v - a scroll of amnesia
 z - 3 scrolls of enchant weapon
 D - a scroll of recharging
Potions
 c - 3 potions of cure mutation
 e - a potion of might
 f - 9 potions of curing
 g - 2 potions of heal wounds
 h - a potion of lignification
 j - 2 potions of berserk rage
 k - a potion of mutation {unknown}
 m - 2 potions of brilliance
 r - 2 potions of flight {unknown}
 s - 2 potions of degeneration
 C - a potion of resistance {unknown}
Comestibles
 b - 7 bread rations
 t - 2 meat rations
 w - 3 beef jerkies
 A - 7 slices of pizza
 F - 2 chunks of flesh


   Skills:
 + Level 6.7 Fighting
 + Level 1.2 Armour
 + Level 5.7 Dodging
 + Level 6.9 Stealth
 + Level 10.4 Unarmed Combat
 + Level 4.8 Invocations
 + Level 5.4 Evocations


You had 10 spell levels left.
You didn't know any spells.

Dungeon Overview and Level Annotations

Branches:
Dungeon (9/15)             Temple (0/1) D:4            Lair (0/6) D:9
    Orc: D:9-12

Altars:
Dithmenos
Fedhas
Hepliaklqana
Makhleb
Nemelex Xobeh
Okawaru
Qazlal
Uskayaw
Xom

Shops:
D:7 ?


Innate Abilities, Weirdness & Mutations

You have razor-sharp teeth.
Your natural rate of healing is unusually fast.
When hurt, damage is shared between your health and your magic reserves.
Your bite disrupts and absorbs the magic of your enemies.
Potions and wands cannot restore your health.
You are immune to rotting.
Your life essence is reduced. (-10% HP)


Message History

* * * LOW HITPOINT WARNING * * *
You feel sick. The killer bee barely misses you. The killer bee misses you.
The killer bee closely misses you.
* * * LOW HITPOINT WARNING * * *
You feel sick. The killer bee closely misses you. The killer bee stings you!
* * * LOW HITPOINT WARNING * * *
There is an open door, spattered with blood here.
As you read the scroll of fear, it crumbles to dust.
You assume a fearsome visage.
The killer bee looks frightened! x4
* * * LOW HITPOINT WARNING * * *
You feel sick.
* * * LOW HITPOINT WARNING * * *
You feel sick.
* * * LOW HITPOINT WARNING * * *
You feel sick.
* * * LOW HITPOINT WARNING * * *
You feel sick.
* * * LOW HITPOINT WARNING * * *
You feel sick.
You die...

#..........#......P.P....P.....
#....yy...†§.......P..P........
#.......§..#......P............
#......§§§§#...................
#......§§§§#...................
#########§##########...........
#......#§§§§..#....#...........
#......#.§§§..#....#...........
#......#..§§..@....#...........
#......#......#....#...........
#......#......#....#
#.....##......###+#############
#.............#..........#.....
#.............#......)...#.....
#.............#..........+..(..
#............>#..........#.....
#.............#..........#.....


There were no monsters in sight!

Vanquished Creatures
  Pikel (D:5)
  Joseph (D:7)
  A troll (D:9)
  Grinder (D:6)
  A human (D:7)
  2 hogs (D:7)
  A steam dragon (D:8)
  Edmund (D:5)
  A soldier ant (D:9)
  Duvessa (D:7)
  3 orc warriors
  2 ice beasts
  2 black bears
  4 slaves (D:5)
  3 ogres
  2 centaurs
  2 crocodiles (D:9)
  3 big kobolds
  3 bullfrogs
  2 elf zombies (Ossuary)
  2 scorpions
  7 killer bees (D:9)
  2 howler monkeys
  2 crimson imps
  A bullfrog zombie (D:7)
  2 centaur zombies
  6 hounds
  A jelly (D:7)
  2 centaur skeletons
  4 orc priests
  3 orc wizards
  A bullfrog skeleton (D:7)
  6 iguanas
  6 worker ants
  A killer bee zombie (D:8)
  A big kobold zombie (Ossuary)
  2 hound zombies
  2 mummies (Ossuary)
  A hound skeleton (D:4)
  A gnoll (D:6)
  6 adders
  A river rat (D:9)
  3 shadow imps
  3 oozes
  An adder skeleton (D:4)
  A worm (D:4)
  A dart slug (D:1)
  2 leopard geckos
  19 orcs
  3 ball pythons
  3 giant cockroaches
  2 gnoll zombies (Ossuary)
  9 goblins
  5 hobgoblins
  10 jackals
  16 kobolds
  12 bats
  5 frilled lizards
  2 goblin zombies (Ossuary)
  3 hobgoblin zombies (Ossuary)
  A leopard gecko zombie (D:7)
  An orc zombie (Ossuary)
  A quokka skeleton (D:6)
  A quokka zombie (D:6)
  16 rats
217 creatures vanquished.

Vanquished Creatures (collateral kills)
  A troll (D:9)
  A yak (D:7)
  A hog (D:7)
  An eye of draining (D:9)
  2 ogres
  A bullfrog (D:6)
  Dowan (D:7)
  A scorpion (D:4)
  A hound (D:7)
  An orc wizard (D:4)
  An orc priest (D:7)
  2 iguanas
  3 worker ants
  2 adders
  A leopard gecko (D:8)
  10 orcs
  2 bats
  A giant cockroach (D:3)
  A jackal (D:3)
  2 kobolds
  A quokka (D:7)
  2 gnoll zombies (Ossuary)
  4 rats (D:9)
43 creatures vanquished.

Vanquished Creatures (others)
  6 hexers
  An orc (D:9)
  3 jackals (D:3)
  A plant (D:9)
11 creatures vanquished.

Grand Total: 271 creatures vanquished

Notes
Turn   | Place    | Note
-------+----------+-------------------------------------------
     0 | D:1      | godfroggy the Vine Stalker Monk began the quest for the Orb.
     0 | D:1      | Reached XP level 1. HP: 11/11 MP: 2/2
   223 | D:1      | Reached XP level 2. HP: 5/16 MP: 3/3
   768 | D:1      | Reached skill level 4 in Unarmed Combat
   933 | D:1      | Reached XP level 3. HP: 17/19 MP: 4/4
  1913 | D:2      | Found a hazy altar of Hepliaklqana.
  1917 | D:2      | Became a worshipper of Hepliaklqana the Forgotten
  1917 | D:2      | Reached * piety under Hepliaklqana
  1917 | D:2      | Reached ** piety under Hepliaklqana
  1921 | D:2      | Remembered your ancestor Decima as a hexer
  2043 | D:2      | Gained mutation: Your natural rate of healing is unusually fast. [Vine Stalker growth]
  2043 | D:2      | Reached XP level 4. HP: 20/20 MP: 5/5
  2366 | D:3      | Reached skill level 5 in Unarmed Combat
  2510 | D:3      | Found a shadowy altar of Dithmenos.
  2623 | D:3      | Found a sparkling altar of Nemelex Xobeh.
  2970 | D:4      | Reached XP level 5. HP: 11/24 MP: 6/6
  3057 | D:4      | Reached skill level 6 in Unarmed Combat
  3136 | D:4      | Reached XP level 6. HP: 25/28 MP: 7/7
  3187 | D:4      | Reached skill level 7 in Unarmed Combat
  3218 | D:4      | Found a staircase to the Ecumenical Temple.
  3295 | D:4      | Reached *** piety under Hepliaklqana
  3417 | D:4      | Reached XP level 7. HP: 25/32 MP: 8/8
  3574 | D:4      | Found a stormy altar of Qazlal.
  3577 | D:4      | Noticed a fire elemental
  3577 | D:4      | Noticed an air elemental
  3577 | D:4      | Noticed a water elemental
  3874 | D:5      | Entered Level 5 of the Dungeon
  3874 | D:5      | Noticed Pikel
  4214 | D:5      | Found a sand-covered staircase.
  4219 | Ossuary  | Entered an ossuary
  4234 | Ossuary  | Gained mutation: You have razor-sharp teeth. [Vine Stalker growth]
  4234 | Ossuary  | Reached XP level 8. HP: 35/37 MP: 9/9
  4323 | Ossuary  | Reached skill level 1 in Invocations
  4421 | D:5      | Noticed Edmund
  4432 | D:5      | Killed Edmund
  4432 | D:5      | Reached skill level 8 in Unarmed Combat
  4518 | D:5      | Noticed a dagger
  4518 | D:5      | Noticed a dagger
  4520 | D:5      | Found a hide-covered altar of Uskayaw.
  4909 | D:5      | Killed Pikel
  4909 | D:5      | Reached skill level 5 in Fighting
  4909 | D:5      | Reached XP level 9. HP: 39/42 MP: 11/11
  5494 | D:6      | Noticed Grinder
  5503 | D:6      | Reached skill level 9 in Unarmed Combat
  5505 | D:6      | Reached skill level 5 in Stealth
  5516 | D:6      | Killed Grinder
  5556 | D:6      | Found a burning altar of Makhleb.
  5634 | D:6      | Found an iron altar of Okawaru.
  5812 | D:7      | Found Dojys's Magic Scroll Shoppe.
  5822 | D:7      | Bought a scroll of identify for 30 gold pieces
  5822 | D:7      | Bought a scroll of identify for 30 gold pieces
  5822 | D:7      | Bought a scroll of identify for 30 gold pieces
  6045 | D:7      | Reached skill level 5 in Dodging
  6096 | D:7      | HP: 2/43 [hog (3)]
  6244 | D:7      | Reached XP level 10. HP: 37/47 MP: 13/13
  6285 | D:7      | Noticed Duvessa
  6291 | D:7      | Noticed Dowan
  6292 | D:7      | Killed Duvessa
  6292 | D:7      | Reached skill level 10 in Unarmed Combat
  6313 | D:7      | Killed Dowan
  6341 | D:7      | Noticed Joseph
  6353 | D:7      | Killed Joseph
  6839 | D:8      | Reached skill level 1 in Evocations
  7092 | D:8      | Found a shimmering altar of Xom.
  7094 | D:8      | Found a hazy altar of Hepliaklqana.
  7094 | D:8      | Found a shimmering altar of Xom.
  7099 | D:8      | Found an iron altar of Okawaru.
  7099 | D:8      | Found a shimmering altar of Xom.
  7099 | D:8      | Found a blossoming altar of Fedhas.
  7139 | D:9      | Reached **** piety under Hepliaklqana
  7236 | D:9      | Found a staircase to the Lair.
  7595 | D:9      | Reached skill level 5 in Evocations
  7827 | D:9      | Reached XP level 11. HP: 52/52 MP: 16/16
  7853 | D:9      | Reached skill level 1 in Armour
  8025 | D:9      | HP: 2/52 [poisoned by a killer bee]
  8028 | D:9      | Succumbed to a killer bee's poison

Skill      XL: |  1  2  3  4  5  6  7  8  9 10 11 |
---------------+----------------------------------+-----
Unarmed Combat | 4 5 6 7 8 9 10 | 10.4
Fighting       | 3 4 5 6 |  6.7
Dodging        | 3 4 5 |  5.7
Invocations    | 2 3 4 |  4.8
Stealth        | 4 6 |  6.9
Evocations     | 5 |  5.4
Armour         | 1 |  1.2

Action                   |  1- 3 |  4- 6 |  7- 9 | 10-12 || total
-------------------------+-------+-------+-------+-------++-------
Melee: Unarmed           |   103 |    96 |   376 |   247 ||   822
       Bite              |    27 |    25 |   129 |    82 ||   263
       Punch             |       |     3 |    13 |    16 ||    32
Invok: Ancestor Life: He |     1 |       |       |       ||     1
       Recall Ancestor   |       |     1 |     1 |       ||     2
       Transference      |       |       |     5 |     6 ||    11
  Use: Scroll            |       |     7 |    13 |     3 ||    23
       Potion            |       |       |     1 |       ||     1
 Stab: Sleeping          |     8 |     8 |     6 |     9 ||    31
       Distracted        |     1 |       |     7 |     4 ||    12
       Confused          |       |       |     5 |     6 ||    11
  Eat: Chunk             |     3 |     5 |     6 |     3 ||    17
       Pizza             |       |       |     1 |       ||     1
       Bread ration      |       |       |     1 |       ||     1
Armor: Robe              |    10 |    12 |    40 |    41 ||   103
Dodge: Dodged            |    60 |    43 |   226 |   206 ||   535
